[Event "Titled Tuesday Blitz December 06 Early 2022"]
[White "Dardha, Daniel"]
[Black "Paravyan, David"]
[WhiteFideId "240990"]
[BlackFideId "4194985"]
[WhiteElo "2528"]
[BlackElo "2551"]
[Result "1-0"]
[Round "07"]
[TimeControl "180+1"]
[Date "2022.12.06"]
[WhiteClock "0:00:36"]
[BlackClock "0:00:02"]

1. d4 Nf6 2. Bg5 d5 3. e3 c5 4. Bxf6 gxf6 5. dxc5 e6 6. Nc3 Bxc5 7. Nf3 Nc6 8. Bd3 h5 9. Ne2 Qb6 10. O-O h4 11. h3 e5 12. e4 Be6 13. exd5 Bxd5 14. Nc3 Be6 15. Qe2 O-O-O 16. Be4 Nd4 17. Nxd4 Bxd4 18. Qf3 Kb8 19. Nd5 Bxd5 20. Bxd5 Rd7 21. c3 Bc5 22. b4 Be7 23. c4 Rhd8 24. a3 Qd4 25. Rab1 Qf4 26. Qxf4 exf4 27. Rfe1 Bd6 28. Kf1 Be5 29. a4 a6 30. a5 Ka7 31. Re4 Rc7 32. b5 axb5 33. Rxb5 Rd6 34. Re2 Ra6 35. Re1 Rd7 36. Reb1 b6 37. axb6+ Kb8 38. Bf3 Rd2 39. c5 Raa2 40. c6 Rxf2+ 41. Kg1 Rfc2 42. c7+ Bxc7 43. bxc7+ Kxc7 44. Rb7+ Kd6 45. Rxf7 Ke5 46. Re1+ Kf5 47. Rg7 Re2 48. Bxe2 f3 49. Bd3+ Kf4 50. Rg4# 1-0


[Site "https://www.chess.com"]

[Event "Titled Tuesday Blitz December 06 Early 2022"]
[White "De Souza, Cristiano Gomes"]
[Black "Ilkhomi, Jaloliddin"]
[WhiteFideId "2151758"]
[BlackFideId "14700948"]
[WhiteElo "2219"]
[BlackElo "2527"]
[Result "1/2-1/2"]
[Round "07"]
[TimeControl "180+1"]
[Date "2022.12.07"]
[WhiteClock "0:00:21"]
[BlackClock "0:00:30"]

1. d4 Nf6 2. c4 e6 3. Nf3 Bb4+ 4. Bd2 a5 5. a3 Bxd2+ 6. Qxd2 O-O 7. Nc3 b6 8. g3 Bb7 9. Bg2 d6 10. O-O Nbd7 11. b4 Ne4 12. Nxe4 Bxe4 13. Rfc1 f5 14. Ne1 Bxg2 15. Nxg2 Qb8 16. Nf4 Re8 17. d5 e5 18. Ne6 Nf8 19. Nxf8 Rxf8 20. c5 axb4 21. axb4 Rxa1 22. Rxa1 bxc5 23. bxc5 dxc5 24. Qc3 Rd8 25. Qxe5 Qb3 26. Qe6+ Kh8 27. Ra7 h6 28. Rxc7 Qd1+ 29. Kg2 Qxd5+ 30. Qxd5 Rxd5 31. Kf3 g5 32. h3 Kg8 33. Ke3 Re5+ 34. Kd3 Rd5+ 35. Kc3 Re5 36. e3 Rd5 37. f3 Rd6 38. Rxc5 Rf6 39. Kd4 Kg7 40. Ke5 Rf8 41. Rc7+ Kg6 42. Rc6+ Kg7 43. Re6 h5 44. e4 fxe4 45. Kxe4 Ra8 46. Re7+ Kf6 47. Rh7 Ra4+ 48. Ke3 h4 49. gxh4 gxh4 50. Rh5 Kg6 51. Rd5 Ra3+ 52. Kf4 Ra4+ 53. Ke5 Ra3 54. Rd6+ Kg5 55. Ke4 Ra4+ 56. Ke3 Ra3+ 57. Rd3 Ra1 58. Rd5+ Kg6 59. Rd4 Kg5 60. Rg4+ Kh5 61. Kf4 Rh1 62. Rg5+ Kh6 63. Rg8 Rxh3 64. Rh8+ Kg7 65. Rh5 Kg6 66. Rh8 Rh1 67. Kg4 Rg1+ 68. Kf4 Rh1 69. Kg4 Rg1+ 70. Kf4 Ra1 71. Rxh4 Ra4+ 72. Kg3 Ra3 73. Rc4 Kf5 74. Rc5+ Kf6 75. Kg4 Ra1 76. Kf4 Ra4+ 77. Kg3 Ra1 78. Rc6+ Kf5 79. Rc5+ Kf6 80. Rc6+ Ke5 81. Rc5+ Kd6 82. Rg5 Ke6 83. Rg4 Rg1+ 84. Kf4 Ra1 85. Kg5 Ra5+ 86. Kg6 Rf5 87. f4 Rf8 88. Kh5 Kf5 89. Rg5+ Kxf4 90. Rg7 Kf5 91. Kh4 Ra8 92. Rg5+ Kf6 93. Rg4 Ra1 94. Kg3 Kf5 95. Rf4+ Ke5 96. Rf3 Rg1+ 97. Kf2 Rg7 98. Re3+ Kf4 99. Rf3+ Ke4 100. Re3+ Kd4 101. Rf3 Ra7 102. Kg3 Ke4 103. Rf4+ Ke5 104. Rf3 Ra1 105. Re3+ Kf5 106. Rf3+ Kg5 107. Re3 Ra5 108. Kf3 Rf5+ 109. Kg3 Ra5 110. Rf3 Ra4 111. Re3 Rg4+ 112. Kf3 Rf4+ 113. Ke2 Ra4 114. Rf3 Kg4 115. Re3 Ra8 116. Kf2 Ra2+ 117. Re2 Ra4 118. Re3 Kh4 119. Rf3 Kh5 120. Rh3+ Kg4 121. Rg3+ Kh4 122. Rf3 Ra2+ 123. Ke3 Kg4 124. Rf4+ Kg5 125. Rf2 Ra3+ 126. Ke4 Ra4+ 127. Ke5 Kg4 128. Rg2+ Kf3 129. Rg6 Ra5+ 130. Kf6 Kf4 131. Rg1 Ra6+ 132. Kg7 Kf5 133. Rf1+ Kg5 134. Rg1+ Kf4 135. Rf1+ Ke5 136. Re1+ Kd4 137. Rd1+ Ke3 138. Re1+ Kf2 139. Rc1 Ra7+ 1/2-1/2


[Site "https://www.chess.com"]

[Event "Titled Tuesday Blitz December 06 Early 2022"]
[White "Demin, Vladimir"]
[Black "Forgacs, Attila Jr."]
[WhiteFideId "4167457"]
[BlackFideId "773654"]
[WhiteElo "2558"]
[BlackElo "2415"]
[Result "1-0"]
[Round "07"]
[TimeControl "180+1"]
[Date "2022.12.07"]
[WhiteClock "0:01:48"]
[BlackClock "0:01:09"]

1. e4 e5 2. Nf3 Nc6 3. Bc4 Nf6 4. O-O Nxe4 5. Nc3 Nf6 6. d4 e4 7. Ne5 d5 8. Bb5 Bd7 9. f3 exf3 10. Qxf3 Bd6 11. Nxd5 Nxe5 12. dxe5 Bxb5 13. exf6 Bc5+ 14. Be3 Bxe3+ 15. Qxe3+ Kf8 16. fxg7+ Kxg7 17. Qe5+ Kg8 18. Ne7+ Kf8 19. Qxh8+ Kxe7 20. Qe5+ Kf8 21. Qxb5 1-0


[Site "https://www.chess.com"]

[Event "Titled Tuesday Blitz December 06 Early 2022"]
[White "Estrada Nieto, Julian"]
[Black "Aradhya, Garg"]
[WhiteFideId "5101018"]
[BlackFideId "25006746"]
[WhiteElo "2511"]
[BlackElo "2747"]
[Result "0-1"]
[Round "07"]
[TimeControl "180+1"]
[Date "2022.12.07"]
[WhiteClock "0:00:01"]
[BlackClock "0:01:32"]

1. e4 e5 2. Nf3 Nc6 3. Bb5 a6 4. Ba4 Nf6 5. O-O Be7 6. d3 b5 7. Bb3 O-O 8. a4 Rb8 9. axb5 axb5 10. c3 d5 11. exd5 Nxd5 12. Re1 Bg4 13. h3 Bh5 14. Nbd2 Nf4 15. d4 Nd3 16. Re3 Nxc1 17. Qxc1 exd4 18. cxd4 Nb4 19. Ra7 Bd6 20. Ne4 Bf4 21. Qc5 Bxe3 22. fxe3 Bxf3 23. gxf3 Nd3 24. Qxc7 Qxc7 25. Rxc7 Rb6 26. Nc5 Rg6+ 27. Kf1 Nxc5 28. Rxc5 Rb8 29. Kf2 Kf8 30. Rc7 Rf6 31. e4 g5 32. Ke3 h5 33. e5 Re8 34. Rc5 Rf5 35. Rxb5 f6 36. Bc2 Rf4 37. Rd5 fxe5 38. dxe5 Rb4 39. b3 Rc8 40. Kd2 Ke7 41. Rd3 Rb5 42. Re3 Ke6 43. Kd1 Rd5+ 0-1


[Site "https://www.chess.com"]

[Event "Titled Tuesday Blitz December 06 Early 2022"]
[White "Fabris, Alberto"]
[Black "Dushyant Sharma"]
[WhiteFideId "801348"]
[BlackFideId "25065130"]
[WhiteElo "2198"]
[BlackElo "2590"]
[Result "0-1"]
[Round "07"]
[TimeControl "180+1"]
[Date "2022.12.07"]
[WhiteClock "0:00:16"]
[BlackClock "0:01:56"]

1. e4 d5 2. exd5 Nf6 3. c4 Bg4 4. Be2 Bxe2 5. Nxe2 c6 6. d4 cxd5 7. c5 Nc6 8. Nbc3 e6 9. O-O Be7 10. a3 a5 11. Nb5 O-O 12. Bf4 b6 13. Nc7 Rb8 14. Na6 Rb7 15. b4 bxc5 16. bxc5 Ra7 17. Qd3 Qc8 18. Nc7 Rxc7 19. Bxc7 Qxc7 20. Rab1 e5 21. dxe5 Nxe5 22. Qb5 Qxc5 23. Qxc5 Bxc5 24. Rb5 Bxa3 25. Rxa5 Nc4 26. Ra4 Bc5 27. Nf4 Nd2 28. Rc1 Nde4 29. Nd3 Bd6 30. f3 Nd2 31. Rc6 Nc4 32. g3 Re8 33. Kf2 h6 34. Raa6 Be5 35. Nxe5 Nxe5 36. Rd6 Nd3+ 37. Kg2 Re2+ 38. Kh3 Nf2+ 39. Kg2 N2e4+ 40. Kg1 Nxd6 0-1


[Site "https://www.chess.com"]

[Event "Titled Tuesday Blitz December 06 Early 2022"]
[White "Fernandez Hernandez, Gerardo"]
[Black "Bashirli, Saadat"]
[WhiteFideId "2207400"]
[BlackFideId "13429990"]
[WhiteElo "2192"]
[BlackElo "1408"]
[Result "0-1"]
[Round "07"]
[TimeControl "180+1"]
[Date "2022.12.07"]
[WhiteClock "0:00:03"]
[BlackClock "0:01:37"]

1. e4 c5 2. d3 g6 3. g3 Bg7 4. Bg2 e6 5. f4 Ne7 6. Nf3 O-O 7. O-O Nbc6 8. c3 d5 9. e5 a6 10. d4 c4 11. Be3 b5 12. Nbd2 b4 13. g4 Qa5 14. Qc2 Bd7 15. Nh4 f5 16. exf6 Bxf6 17. Nhf3 Rab8 18. Ne5 Nxe5 19. dxe5 Bg7 20. Nf3 bxc3 21. Qxc3 Qxc3 22. bxc3 Nc6 23. Nd4 Rb2 24. Bc1 Rb6 25. Ba3 Rfb8 26. Rfd1 Nxd4 27. Rxd4 g5 0-1


[Site "https://www.chess.com"]

[Event "Titled Tuesday Blitz December 06 Early 2022"]
[White "Fiedorek, Michal"]
[Black "Rodchenkov, Sergey D."]
[WhiteFideId "1199528"]
[BlackFideId "4168712"]
[WhiteElo "2395"]
[BlackElo "2517"]
[Result "1-0"]
[Round "07"]
[TimeControl "180+1"]
[Date "2022.12.07"]
[WhiteClock "0:00:38"]
[BlackClock "0:00:15"]

1. e4 c5 2. Nf3 d6 3. d4 cxd4 4. Nxd4 Nf6 5. Nc3 a6 6. Nb3 g6 7. Be2 Bg7 8. Be3 Nbd7 9. g4 h6 10. h4 b5 11. Rg1 Bb7 12. f3 h5 13. g5 Ng8 14. Qd2 Rc8 15. Bd4 e5 16. Be3 b4 17. Na4 Bc6 18. Qxb4 Rb8 19. Qa3 Ne7 20. Nc3 Qc7 21. O-O-O Nc8 22. Na5 O-O 23. Nxc6 Qxc6 24. Nd5 Kh7 25. c3 Ndb6 26. Qxa6 Ra8 27. Qb5 Qxb5 28. Bxb5 Rxa2 29. Kc2 Nxd5 30. Rxd5 Rd8 31. Rgd1 Ra5 32. Bc6 Rxd5 33. Bxd5 Kg8 34. b4 Ne7 35. b5 Rb8 36. b6 Bf8 37. Ra1 Nxd5 38. exd5 Rb7 39. Ra7 Rb8 40. Kb3 Kg7 41. Kb4 Rc8 42. b7 Rb8 43. Bb6 e4 44. fxe4 Re8 45. Ra8 Rxe4+ 46. Bd4+ Kh7 47. b8=Q Rxd4+ 48. cxd4 f6 49. Qxf8 fxg5 50. Qh8# 1-0


[Site "https://www.chess.com"]

[Event "Titled Tuesday Blitz December 06 Early 2022"]
[White "Firouzja, Alireza"]
[Black "Durarbayli, Vasif"]
[WhiteFideId "12573981"]
[BlackFideId "13402935"]
[WhiteElo "2904"]
[BlackElo "2576"]
[Result "1-0"]
[Round "07"]
[TimeControl "180+1"]
[Date "2022.12.06"]
[WhiteClock "0:00:29"]
[BlackClock "0:00:03"]

1. d4 d5 2. c4 c6 3. Nc3 Nf6 4. Nf3 e6 5. Bg5 dxc4 6. e4 b5 7. e5 h6 8. Bh4 g5 9. Bg3 Nh5 10. Be2 Bb7 11. O-O Nd7 12. Nd2 Nxg3 13. fxg3 Qb6 14. Nde4 O-O-O 15. Nd6+ Bxd6 16. exd6 f5 17. a4 a6 18. b3 cxb3 19. Qxb3 Qxd4+ 20. Kh1 Nc5 21. Qc2 Qxd6 22. axb5 cxb5 23. Rac1 Kb8 24. Qb2 Nd3 25. Bxd3 Qxd3 26. Rf2 Rd6 27. Nxb5 axb5 28. Qxh8+ Ka7 29. Qe5 Qd1+ 30. Rf1 Qd5 31. Ra1+ Kb6 32. Qe3+ Kc7 33. Rg1 b4 34. h3 Qd4 35. Qe2 Kd7 36. Kh2 Qd3 37. Qh5 f4 38. Qf7+ Kc8 39. Rgc1+ Rc6 40. Qxe6+ Kc7 41. Qe7+ Kc8 42. gxf4 gxf4 43. Qf8+ Kc7 44. Qxf4+ Qd6 45. Rxc6+ Bxc6 46. Ra7+ 1-0


[Site "https://www.chess.com"]

[Event "Titled Tuesday Blitz December 06 Early 2022"]
[White "Flis, Pawel"]
[Black "Mazurkiewicz, Michal"]
[WhiteFideId "1112864"]
[BlackFideId "1124943"]
[WhiteElo "1817"]
[BlackElo "2081"]
[Result "0-1"]
[Round "07"]
[TimeControl "180+1"]
[Date "2022.12.07"]
[WhiteClock "0:00:15"]
[BlackClock "0:01:13"]

1. e4 d6 2. d4 Nf6 3. f3 e5 4. d5 c6 5. c4 cxd5 6. cxd5 Nbd7 7. Nc3 Be7 8. Bd3 O-O 9. Nge2 Nh5 10. O-O Nc5 11. Bc2 g6 12. b4 Nd7 13. Bh6 Re8 14. Rc1 Qb6+ 15. Kh1 Qxb4 16. Rb1 Qa5 17. Nb5 a6 18. Bd2 Qd8 19. Nbc3 Bg5 20. Na4 b5 21. Nb2 Nc5 22. Nd3 Nxd3 23. Bxd3 Bd7 24. Bb4 Be7 25. Rc1 a5 26. Bd2 b4 27. g3 Bg5 28. Rc2 Ba4 29. Bxg5 Qxg5 30. Qd2 Qxd2 31. Rxd2 Rec8 32. Nc1 Rc3 33. Ne2 Rc7 34. Nc1 Rac8 35. Nb3 Bxb3 36. axb3 Rc3 37. Ra1 R8c5 38. Bc4 Rxf3 39. Be2 Rxb3 40. Bxh5 gxh5 41. Rda2 Re3 42. Rxa5 Rxa5 43. Rxa5 Rxe4 44. Rb5 Rd4 45. Kg2 Kg7 46. Kf3 Kg6 47. Rb6 Rxd5 48. Rxb4 f5 49. Rb7 e4+ 50. Kf4 Rd3 0-1


[Site "https://www.chess.com"]

[Event "Titled Tuesday Blitz December 06 Early 2022"]
[White "Franca, Ricardo Bedin"]
[Black "Bon, Michael"]
[WhiteFideId "2107066"]
[BlackFideId "620696"]
[WhiteElo "2462"]
[BlackElo "2381"]
[Result "0-1"]
[Round "07"]
[TimeControl "180+1"]
[Date "2022.12.07"]
[WhiteClock "0:00:24"]
[BlackClock "0:00:11"]

1. e4 c5 2. Nf3 d6 3. d4 cxd4 4. Nxd4 Nf6 5. Nc3 Nc6 6. Bc4 Qb6 7. Nb3 e6 8. Bf4 Ne5 9. Be2 Be7 10. g4 a6 11. g5 Nfd7 12. Be3 Qc7 13. Qd4 O-O 14. f4 Nc6 15. Qd2 b5 16. h4 Nb6 17. h5 b4 18. Nd1 d5 19. e5 Nc4 20. Qd3 Nxe3 21. Nxe3 d4 22. Ng4 Kh8 23. O-O-O a5 24. Nxd4 Nxd4 25. Qxd4 Bb7 26. Rh3 Rac8 27. Bd3 Rfd8 28. Qf2 a4 29. Kb1 a3 30. f5 Bxg5 31. h6 g6 32. fxg6 hxg6 33. h7 axb2 34. Nh6 Rd7 35. Qg3 Bd5 36. Qxg5 Bxa2+ 37. Kxb2 Qc3+ 38. Kc1 Qa1+ 39. Kd2 Rxc2+ 40. Ke3 Qd4+ 41. Kf3 Qf2+ 42. Kg4 Rd4+ 0-1


[Site "https://www.chess.com"]

[Event "Titled Tuesday Blitz December 06 Early 2022"]
[White "Gabdrakhmanov, Azat"]
[Black "Maksimovic, Bojan"]
[WhiteFideId "34189197"]
[BlackFideId "14408120"]
[WhiteElo "2616"]
[BlackElo "2768"]
[Result "1-0"]
[Round "07"]
[TimeControl "180+1"]
[Date "2022.12.07"]
[WhiteClock "0:00:10"]
[BlackClock "0:00:17"]

1. e4 g6 2. d4 Bg7 3. Nc3 d6 4. f4 a6 5. Nf3 Nd7 6. Bd3 c5 7. Be3 cxd4 8. Bxd4 Bxd4 9. Nxd4 Ngf6 10. Qe2 e5 11. fxe5 dxe5 12. Nb3 b5 13. Nd5 Nxd5 14. exd5 Bb7 15. O-O-O O-O 16. d6 f5 17. Qf2 e4 18. Be2 Rc8 19. Kb1 Qb6 20. Qh4 Qd8 21. Qf2 Qb6 22. Qh4 Rf6 23. g4 f4 24. g5 Rf7 25. Bg4 Rcf8 26. Be6 Kg7 27. Bxf7 Rxf7 28. Nd4 Bd5 29. Ne2 f3 30. Rxd5 fxe2 31. Qe1 Qe3 32. a4 Nb6 33. Rd2 Rf1 34. Rxf1 exf1=Q 35. Qxf1 Qxd2 36. Qf6+ Kg8 37. Qd8+ Kg7 38. Qxb6 Qd1+ 39. Ka2 Qd5+ 40. b3 Qd2 41. Qc7+ Kf8 42. d7 Ke7 43. d8=Q+ Ke6 44. Qxd2 Kf5 45. Qcf4+ Ke6 46. Qdd6# 1-0


[Site "https://www.chess.com"]

[Event "Titled Tuesday Blitz December 06 Early 2022"]
[White "Gabuzyan, Hovhannes"]
[Black "Agasarov, Benik"]
[WhiteFideId "13303732"]
[BlackFideId "13314823"]
[WhiteElo "2486"]
[BlackElo "2179"]
[Result "1-0"]
[Round "07"]
[TimeControl "180+1"]
[Date "2022.12.06"]
[WhiteClock "0:00:32"]
[BlackClock "0:00:01"]

1. e4 e5 2. Nf3 Nc6 3. d4 exd4 4. Nxd4 Nf6 5. Nxc6 bxc6 6. e5 Qe7 7. Qe2 Nd5 8. h4 d6 9. c4 Nb6 10. exd6 cxd6 11. Nc3 Be6 12. b3 g6 13. Bg5 f6 14. Bf4 Bg7 15. Rd1 O-O-O 16. Ne4 d5 17. cxd5 Bxd5 18. Qa6+ Kd7 19. Bd3 Ke8 20. O-O Bxe4 21. Rfe1 f5 22. Bg5 Bf6 23. Bxf6 Qxf6 24. Bxe4 fxe4 25. Rxe4+ Kf8 26. Rxd8+ Qxd8 27. Qxa7 Nd5 28. Qc5+ Kg7 29. Qxc6 Nf6 30. Qb7+ Kh6 31. Rf4 Re8 32. Qf3 Re1+ 33. Kh2 Qd6 34. g3 Re6 35. a4 Kg7 36. a5 Qa6 37. b4 Re1 38. b5 Qxb5 39. Rxf6 Qf1 40. Rf7+ Kh6 41. Qf4+ 1-0


[Site "https://www.chess.com"]

[Event "Titled Tuesday Blitz December 06 Early 2022"]
[White "Gatterer, Florian"]
[Black "Fecker, Noah"]
[WhiteFideId "811688"]
[BlackFideId "1334263"]
[WhiteElo "2366"]
[BlackElo "2495"]
[Result "0-1"]
[Round "07"]
[TimeControl "180+1"]
[Date "2022.12.07"]
[WhiteClock "0:00:08"]
[BlackClock "0:00:38"]

1. c4 Nf6 2. Nf3 g6 3. b3 Bg7 4. Bb2 O-O 5. g3 d6 6. d4 Nc6 7. Bg2 e5 8. dxe5 Ng4 9. O-O Ngxe5 10. Nc3 Re8 11. Re1 Bg4 12. Nxe5 Bxe5 13. h3 Bf5 14. Qd2 Qd7 15. Kh2 h5 16. Nd5 Kg7 17. f4 Bxb2 18. Qxb2+ Kh6 19. Nf6 Qe7 20. Nxe8 Rxe8 21. e4 Bd7 22. e5 h4 23. g4 dxe5 24. Bxc6 Bxc6 25. Rxe5 Qf6 26. Qd4 Kh7 27. g5 Qh8 28. Rae1 Rd8 29. Qf2 Kg7 30. Qb2 Kh7 31. Qf2 Kg7 32. f5 Qh5 33. fxg6 Qxg6 34. Qxh4 Rd2+ 35. R1e2 Qd3 36. Qh6+ Kg8 37. Re8+ Bxe8 38. Rxd2 Qxd2+ 39. Kg3 Qe3+ 40. Kh4 Qf4+ 0-1


[Site "https://www.chess.com"]

[Event "Titled Tuesday Blitz December 06 Early 2022"]
[White "Gheorghiu, Calin"]
[Black "Ramirez Vido, Robert Yorisan"]
[WhiteFideId "1200305"]
[BlackFideId "3513823"]
[WhiteElo "2490"]
[BlackElo "2365"]
[Result "1-0"]
[Round "07"]
[TimeControl "180+1"]
[Date "2022.12.07"]
[WhiteClock "0:01:51"]
[BlackClock "0:00:03"]

1. e4 d6 2. d4 Nf6 3. Nc3 g6 4. Be3 c6 5. h3 b5 6. Bd3 Bg7 7. Nf3 O-O 8. Ne2 Nbd7 9. O-O e5 10. c3 d5 11. Ng3 Qc7 12. dxe5 Nxe5 13. Nxe5 Qxe5 14. f4 Qc7 15. e5 Nd7 16. a4 bxa4 17. Rxa4 Nb6 18. Ra1 c5 19. Qf3 Bb7 20. Qf2 Nd7 21. h4 Qc6 22. h5 a6 23. Rad1 Rac8 24. Bb1 c4 25. Bd4 Nc5 26. f5 Nb3 27. f6 Bh6 28. hxg6 hxg6 29. Be3 Bxe3 30. Qxe3 Qc5 31. Rd4 1-0


[Site "https://www.chess.com"]

[Event "Titled Tuesday Blitz December 06 Early 2022"]
[White "Ghosh, Chanchal Kumer"]
[Black "Shubenkova, Veronika"]
[WhiteFideId "10201858"]
[BlackFideId "44124040"]
[WhiteElo "2058"]
[BlackElo "2027"]
[Result "1/2-1/2"]
[Round "07"]
[TimeControl "180+1"]
[Date "2022.12.07"]
[WhiteClock "0:00:08"]
[BlackClock "0:00:08"]

1. e4 c5 2. Nf3 e6 3. d4 cxd4 4. Nxd4 a6 5. Nc3 Nc6 6. Be3 Qc7 7. Be2 Nf6 8. O-O Be7 9. f4 d6 10. a4 b6 11. Nb3 Bb7 12. Bd3 Nb4 13. Qf3 d5 14. Rae1 dxe4 15. Nxe4 Nxd3 16. cxd3 Bd5 17. Rc1 Qb7 18. Nbd2 O-O 19. g4 Bb4 20. Rfe1 Rfd8 21. g5 Bxe4 22. dxe4 Bxd2 23. Bxd2 Rxd2 24. gxf6 gxf6 25. Re2 Rxe2 26. Qxe2 Kh8 27. Kf2 Rg8 28. Rg1 Rxg1 29. Kxg1 b5 30. a5 Qa7+ 31. Kg2 Qc7 32. Qd2 b4 33. h4 b3 34. Kg3 Qc2 35. Qd4 Kg7 36. h5 h6 37. e5 f5 38. Qd8 Qc1 39. Qf6+ Kg8 40. Qxh6 Qe3+ 41. Kg2 Qe2+ 42. Kg3 Qe1+ 43. Kf3 Qd1+ 44. Ke3 Qc1+ 45. Kd3 Qc2+ 46. Kd4 Qxb2+ 47. Kc5 Qc3+ 48. Kb6 b2 49. Qg5+ Kf8 50. Qd8+ Kg7 51. h6+ Kxh6 52. Qh8+ Kg6 53. Qg8+ Kh6 54. Qh8+ Kg6 55. Qf6+ Kh7 56. Qxf7+ Kh8 57. Qf6+ Kh7 58. Qf7+ Kh6 59. Qf6+ Kh7 60. Qh4+ Kg7 61. Qf6+ Kh7 1/2-1/2


[Site "https://www.chess.com"]

[Event "Titled Tuesday Blitz December 06 Early 2022"]
[White "Golubev, Mikhail"]
[Black "Przybylski, Wojciech"]
[WhiteFideId "14100983"]
[BlackFideId "1117599"]
[WhiteElo "2593"]
[BlackElo "2452"]
[Result "1-0"]
[Round "07"]
[TimeControl "180+1"]
[Date "2022.12.07"]
[WhiteClock "0:00:03"]
[BlackClock "0:00:01"]

1. e4 e5 2. Nc3 Nf6 3. d4 exd4 4. Qxd4 Nc6 5. Qd3 Bb4 6. Bd2 O-O 7. O-O-O d6 8. h3 Re8 9. Nge2 Qe7 10. a3 Bc5 11. Bg5 Ne5 12. Qg3 c6 13. Nf4 Ng6 14. Nxg6 hxg6 15. Bd3 Qe5 16. f4 Qd4 17. Rhe1 Bxa3 18. Bf1 Bxb2+ 19. Kxb2 Qb4+ 20. Kc1 Qa3+ 21. Kb1 Qb4+ 22. Ka1 Nh5 23. Qd3 Be6 24. Na2 Qa4 25. c4 b5 26. Qxd6 bxc4 27. f5 gxf5 28. exf5 Bxf5 29. Rxe8+ Rxe8 30. g4 Bc2 31. Rc1 Bb3 32. Qd2 Ng3 33. Kb1 Ne4 34. Qb2 Nxg5 35. Nc3 Qa5 36. h4 Ne6 37. h5 Nc5 38. h6 f6 39. h7+ Kh8 40. g5 1-0


[Site "https://www.chess.com"]

[Event "Titled Tuesday Blitz December 06 Early 2022"]
[White "Gong, Qianyun"]
[Black "Slovineanu"]
[WhiteFideId "8602425"]
[WhiteElo "2531"]
[BlackElo "2253"]
[Result "1-0"]
[Round "07"]
[TimeControl "180+1"]
[Date "2022.12.07"]
[WhiteClock "0:00:45"]
[BlackClock "0:00:01"]

1. e4 c6 2. d4 d5 3. e5 Bf5 4. Ne2 e6 5. Ng3 Bg6 6. h4 h5 7. Be2 c5 8. c3 Nc6 9. Nxh5 Bxh5 10. Bxh5 g6 11. Bf3 Rxh4 12. g3 Rxh1+ 13. Bxh1 cxd4 14. cxd4 Qb6 15. Be3 Qxb2 16. Nd2 Bb4 17. Rb1 Bxd2+ 18. Bxd2 Qxd4 19. Rxb7 Qxe5+ 20. Kf1 Nge7 21. Qa4 Qd4 22. Rxe7+ Kxe7 23. Qxc6 Qd3+ 24. Ke1 Rh8 25. Bg5+ Kf8 26. Qc8+ Kg7 27. Bf6+ Kxf6 28. Qxh8+ Ke7 29. Qh4+ Kd7 30. Qa4+ Ke7 31. Qxa7+ Kf6 32. Qb8 Qc3+ 33. Kf1 Qd3+ 34. Kg1 Qd1+ 35. Kg2 d4 36. Qf4+ Ke7 37. Qf3 Qd2 38. a4 d3 39. Qb7+ Kf6 40. Qf3+ Ke7 41. Kh2 Qc2 42. Qe3 d2 43. Bf3 d1=Q 44. Bxd1 Qxd1 45. a5 Qa4 46. Qc5+ Kf6 47. Qc3+ Ke7 48. Qc7+ Kf6 49. Qb6 Qa2 50. a6 Qe2 51. Qd4+ e5 52. Qb6+ Kg7 53. a7 e4 54. Qd4+ f6 55. a8=Q Qh5+ 56. Kg1 1-0


[Site "https://www.chess.com"]

[Event "Titled Tuesday Blitz December 06 Early 2022"]
[White "Gormally, Daniel W"]
[Black "Yilmaz, Mustafa"]
[WhiteFideId "406465"]
[BlackFideId "6302718"]
[WhiteElo "2553"]
[BlackElo "2564"]
[Result "1-0"]
[Round "07"]
[TimeControl "180+1"]
[Date "2022.12.06"]
[WhiteClock "0:00:06"]
[BlackClock "0:00:02"]

1. e4 c5 2. Nc3 d6 3. Nf3 Nf6 4. d4 cxd4 5. Nxd4 a6 6. Be2 g6 7. O-O Bg7 8. a4 O-O 9. Be3 Nc6 10. Nb3 Be6 11. Qd2 Rc8 12. Rfd1 Na5 13. Nd4 Bd7 14. f3 Nc4 15. Bxc4 Rxc4 16. a5 Qc7 17. Nde2 Rc8 18. Bh6 Qc5+ 19. Kh1 Qb4 20. Bxg7 Kxg7 21. Rdb1 R4c5 22. Ra3 Be6 23. Nf4 Bc4 24. Ra4 Qxa4 25. Nxa4 Ba2 26. Nxc5 Bxb1 27. Qc1 Ba2 28. Na4 e5 29. Nd3 d5 30. Nb6 Re8 31. exd5 Nxd5 32. Nxd5 Bxd5 33. Qe3 e4 34. Qd4+ f6 35. Nf4 Bc6 36. Kg1 exf3 37. gxf3 Re5 38. Kf2 Rf5 39. h3 g5 40. Ne6+ Kh6 41. f4 Bd5 42. Qe3 Kg6 43. Ke1 Kf7 44. Nd8+ Kf8 45. Qc5+ Ke8 46. Nxb7 Rxf4 47. Qxd5 Ke7 48. Qd6+ Kf7 49. Qd7+ Kg6 50. Nd6 Kh5 51. Qxh7# 1-0


[Site "https://www.chess.com"]

[Event "Titled Tuesday Blitz December 06 Early 2022"]
[White "Goroshkov, Maksym"]
[Black "Sadilek, Peter"]
[WhiteFideId "14142716"]
[BlackFideId "1616439"]
[WhiteElo "2627"]
[BlackElo "2460"]
[Result "1/2-1/2"]
[Round "07"]
[TimeControl "180+1"]
[Date "2022.12.07"]
[WhiteClock "0:00:46"]
[BlackClock "0:00:09"]

1. e4 g6 2. d4 Bg7 3. c4 d6 4. Nc3 Nf6 5. f3 O-O 6. Be3 a6 7. Qd2 Nbd7 8. h4 h5 9. O-O-O c5 10. dxc5 dxc5 11. Bxc5 b5 12. Be3 bxc4 13. Bxc4 Qc7 14. Bb3 Nc5 15. Bxc5 Qxc5 16. Kb1 Rb8 17. Nge2 a5 18. Nf4 Ba6 19. Qd4 Qc7 20. Nfd5 Nxd5 21. Nxd5 Qb7 22. Qa4 e6 23. Nc3 Rfc8 24. Qxa5 Ra8 25. Qa4 Bxc3 26. Qd7 Qxd7 27. Rxd7 Bf6 28. f4 Rd8 29. Rhd1 Be2 30. R1d2 Rxd7 31. Rxd7 Bxh4 32. f5 gxf5 33. exf5 Bg4 34. fxe6 Bf5+ 35. Ka1 fxe6 36. Rd4 Bf6 37. Rf4 Kg7 38. a4 Rb8 39. Ka2 Be5 40. Rf2 Kg6 41. Re2 Rb4 42. Rxe5 Rg4 43. Bxe6 Bxe6+ 44. Rxe6+ Kf5 45. Rh6 Rxa4+ 46. Kb3 Rh4 47. Rh8 Rh2 48. Ka3 Ke6 49. b4 Rxg2 50. Rxh5 Kd6 51. Rc5 Rg8 52. Ka4 Ra8+ 53. Kb5 Rb8+ 54. Kc4 Rf8 55. Kd4 Rf4+ 56. Kc3 Rf3+ 57. Kc4 Rf8 58. Kb5 Rb8+ 59. Ka4 Ra8+ 60. Ra5 Rc8 61. Ra6+ Kc7 62. Kb5 Kb7 63. Rh6 Rf8 64. Rh7+ Kb8 65. Ka5 Rg8 66. Rf7 Rd8 67. b5 Re8 68. Ka6 Rc8 69. b6 Rd8 70. Rb7+ Ka8 71. Rc7 Rf8 72. Rc1 Kb8 73. Rg1 Rc8 74. Rg6 Rd8 75. b7 Re8 76. Rc6 Rf8 77. Kb6 Re8 78. Rd6 Rf8 79. Kc6 Re8 80. Kd7 Rg8 81. Rb6 Rg7+ 82. Kc6 Rg6+ 83. Kc5 Rxb6 84. Kxb6 1/2-1/2


[Site "https://www.chess.com"]

[Event "Titled Tuesday Blitz December 06 Early 2022"]
[White "Grabinsky, Vladimir"]
[Black "Ray, Sarathi"]
[WhiteFideId "14107074"]
[BlackFideId "2032490"]
[WhiteElo "2198"]
[BlackElo "2029"]
[Result "1-0"]
[Round "07"]
[TimeControl "180+1"]
[Date "2022.12.07"]
[WhiteClock "0:00:19"]
[BlackClock "0:00:19"]

1. e4 c5 2. Nc3 Nc6 3. g3 g6 4. Bg2 Bg7 5. f4 d6 6. Nf3 Bg4 7. O-O e6 8. d3 Nge7 9. h3 Bxf3 10. Qxf3 O-O 11. g4 f5 12. exf5 exf5 13. Nd5 Rb8 14. c3 b5 15. Bd2 a5 16. Rae1 b4 17. Re6 Qd7 18. Rfe1 Rbe8 19. g5 Ne5 20. fxe5 Qxe6 21. Nf6+ Bxf6 22. exf6 Qf7 23. fxe7 Rxe7 24. Qd5 Rxe1+ 25. Bxe1 Re8 26. Kf2 Qxd5 27. Bxd5+ Kf8 28. Bd2 Ke7 29. cxb4 axb4 30. a4 bxa3 31. bxa3 Rb8 32. Bc3 Kf8 33. a4 Rb6 34. a5 Ra6 35. Bc4 Ra7 36. Bd5 Ke8 37. Ke2 Kf8 38. Kd2 Ke8 39. Kc2 Kd8 40. Kb3 Kc7 41. Ka4 Kb8 42. Kb5 Rd7 43. a6 Ka7 44. Ba5 Rd8 45. Bxd8 1-0


[Site "https://www.chess.com"]